 Dungeon Crawl Stone Soup version 0.21.1-1-g345015f (webtiles) character file.

982 Lilu the Conjurer (level 7, -1/46 HPs)
             Began as a Deep Elf Conjurer on July 24, 2018.
             Slain by Duvessa
             ... wielding a +0 short sword
              (14 damage)
             ... on level 6 of the Dungeon.
             The game lasted 00:34:36 (6383 turns).

Lilu the Conjurer (Deep Elf Conjurer)               Turns: 6383, Time: 00:34:36

Health: -1/46      AC: 11    Str:  6 (7)  XL:     7   Next: 96%
Magic:  2/13       EV: 12    Int: 18 (20) God:
Gold:   248        SH:  0    Dex: 13 (15) Spells: 5/12 levels left

rFire    . . .     SeeInvis .   x - +4 quarterstaff (chaos)
rCold    . . .     Gourm    .   (shield currently unavailable)
rNeg     . . .     Faith    .   a - +0 robe
rPois    +         Spirit   .   n - +0 helmet
rElec    .         Reflect  .   y - +2 cloak {+Inv}
rCorr    .         Harm     .   B - +0 pair of gloves
MR       .....                  (no boots)
Stlth    ++........             (no amulet)
HPRegen  0.15/turn              v - +4 ring of protection
MPRegen  0.13/turn              E - ring of poison resistance

@: heavily drained
A: no striking features
a: Evoke Invisibility


You were on level 6 of the Dungeon.
You were hungry.

You visited 1 branch of the dungeon, and saw 6 of its levels.

You collected 248 gold pieces.

Inventory:

Hand Weapons
 o - a +4 short sword of speed
 q - a +0 longbow
 s - a +0 blowgun
 w - a +4 vampiric dagger
 x - a +4 quarterstaff of chaos (weapon)
 A - a +2 dagger of draining
 G - a +2 dagger of venom
Missiles
 f - 7 needles of sleeping
 i - 138 stones (quivered)
 m - 68 arrows
 p - 29 bolts
 t - 13 poisoned needles
 z - 7 javelins
Armour
 a - a +0 robe (worn)
 n - a +0 helmet (worn)
 y - a +2 cloak of invisibility (worn)
 B - a +0 pair of gloves (worn)
Jewellery
 v - a +4 ring of protection (left hand)
 E - a ring of poison resistance (right hand)
 H - an uncursed amulet of harm
Scrolls
 d - 5 scrolls of identify
 j - 2 scrolls of blinking
 k - a scroll of immolation
 l - 3 scrolls of remove curse
 r - 2 scrolls of fog
 u - a scroll of enchant armour {unknown}
Potions
 e - a potion of agility
 g - 2 potions of degeneration
 h - a potion of resistance
 C - a potion of curing
 F - a potion of flight
Books
 b - a book of Conjurations

   Spells                             Type                      Level
   a - Magic Dart                     Conjuration                  1
   b - Searing Ray                    Conjuration                  2
   c - Dazzling Spray                 Conjuration/Hexes            3
   d - Fulminant Prism                Conjuration/Hexes            4
   e - Force Lance                    Conjuration/Translocation    4
   f - Iskenderun's Mystic Blast      Conjuration                  4
 D - a book of Maledictions

   Spells                             Type                      Level
   a - Corona                         Hexes                        1
   b - Ensorcelled Hibernation        Hexes/Ice                    2
   c - Confuse                        Hexes                        3
   d - Tukima's Dance                 Hexes                        3
   e - Dazzling Spray                 Conjuration/Hexes            3
Comestibles
 c - 10 rations


   Skills:
 - Level 6.0(4.4) Fighting
 - Level 2.4(1.0) Dodging
 - Level 2.4(1.0) Stealth
 * Level 3.2(1.7) Spellcasting
 * Level 7.4(5.8) Conjurations


You had 5 spell levels left.
You knew the following spells:

 Your Spells              Type           Power        Failure   Level  Hunger
a - Magic Dart            Conj           ###.         1%          1    #......
b - Searing Ray           Conj           ###...       2%          2    ###....
c - Iskenderun's Mystic   Conj           ###.....     17%         4    #####..


Dungeon Overview and Level Annotations

Branches:
Dungeon (6/15)
 Temple: D:4-7

Altars:
Gozag
Hepliaklqana
Makhleb
Nemelex Xobeh
Wu Jian
Yredelemnul

Annotations:
D:6 Duvessa


Message History

You finish channeling your searing ray.
Duvessa hits you with a short sword! Duvessa hits you with a short sword.
* * * LOW HITPOINT WARNING * * *
Casting: Searing Ray
Confirm with . or Enter, or press ? or * to list all spells.
Aiming: Iskenderun's Mystic Blast
Press: ? - help, Shift-Dir - straight line, f/p - Duvessa
Aim: Duvessa, wielding a short sword and wearing a leather armour (heavily wounded, unusually strong)
The orb of energy misses Duvessa.
Duvessa closely misses you.
Casting: Iskenderun's Mystic Blast
Confirm with . or Enter, or press ? or * to list all spells.
Aiming: Searing Ray
Press: ? - help, Shift-Dir - straight line, f/p - Duvessa
Aim: Duvessa, wielding a short sword and wearing a leather armour (heavily wounded, unusually strong)
The searing ray hits Duvessa.
Duvessa is severely wounded. (Press . to maintain the ray.)
You are feeling hungry.
Duvessa hits you with a short sword!
You die...

. ..# ....####
.......###
.........####
####........####
######......#### .
####.[..e.##### ..
#####@[....####
...
####.⌠.⌠..####....
#.._...........
##⌠.⌠#.........
##............
#............
#............
#............
#............


You could see Duvessa.

Vanquished Creatures
  2 sky beasts
  A centaur (D:5)
  An ogre (D:5)
  Dowan (D:6)
  A crimson imp (D:5)
  An orc wizard (D:4)
  4 hounds
  Crazy Yiuf (D:3)
  2 orc priests (D:3)
  2 bullfrog skeletons
  2 iguanas (D:5)
  2 worker ants (D:4)
  A hound skeleton (D:4)
  6 adders
  A shadow imp (D:5)
  An ooze (D:5)
  2 worms
  2 dart slugs
  A leopard gecko (D:3)
  15 orcs
  4 giant cockroaches
  3 goblins
  6 hobgoblins
  2 jackals (D:2)
  3 quokkas
  7 bats
  6 frilled lizards
  A jackal skeleton (D:5)
  6 kobolds
  A quokka zombie (D:5)
  7 rats
  A spectral orc (D:2)
96 creatures vanquished.

Notes
Turn   | Place    | Note
-------+----------+-------------------------------------------
     0 | D:1      | Lilu the Deep Elf Conjurer began the quest for the Orb.
     0 | D:1      | Reached XP level 1. HP: 10/10 MP: 6/6
   226 | D:1      | Reached XP level 2. HP: 15/15 MP: 6/8
   260 | D:1      | Reached skill level 5 in Conjurations
   270 | D:1      | Learned a level 2 spell: Searing Ray
   952 | D:2      | Reached XP level 3. HP: 19/19 MP: 5/9
  1165 | D:2      | Reached skill level 6 in Conjurations
  1248 | D:2      | Reached XP level 4. HP: 24/24 MP: 6/10
  1426 | D:2      | Found a hazy altar of Hepliaklqana.
  1473 | D:2      | Found a basalt altar of Yredelemnul.
  2536 | D:3      | Reached skill level 7 in Conjurations
  2536 | D:3      | Reached XP level 5. HP: 28/28 MP: 6/11
  2623 | D:3      | Learned a level 4 spell: Iskenderun's Mystic Blast
  3105 | D:3      | Found a runed door.
  3109 | D:3      | Noticed Crazy Yiuf
  3113 | D:3      | Killed Crazy Yiuf
  3113 | D:3      | Reached skill level 1 in Fighting
  3316 | D:4      | Reached XP level 6. HP: 32/36 MP: 7/12
  3365 | D:4      | Found an opulent altar of Gozag.
  3395 | D:4      | Found a burning altar of Makhleb.
  3504 | D:4      | Noticed a sky beast
  3918 | D:4      | Killed a sky beast
  4001 | D:5      | Entered Level 5 of the Dungeon
  4005 | D:5      | Reached XP level 7. HP: 43/43 MP: 8/13
  4478 | D:5      | Reached skill level 5 in Fighting
  5746 | D:5      | Found an ornate altar of the Wu Jian Council.
  6239 | D:6      | Found a sparkling altar of Nemelex Xobeh.
  6267 | D:6      | Noticed Dowan
  6295 | D:6      | Killed Dowan
  6309 | D:6      | Noticed Duvessa
  6383 | D:6      | Slain by Duvessa

Skill      XL: |  1  2  3  4  5  6  7 |
---------------+----------------------+-----
Conjurations   | 5 6 7 |  7.4
Fighting       | 2 4 6 |  6.0
Dodging        | |  2.4
Stealth        | |  2.4
Spellcasting   | |  3.2

Action                   |  1- 3 |  4- 6 |  7- 9 || total
-------------------------+-------+-------+-------++-------
Melee: Quarterstaff      |       |       |    18 ||    18
 Cast: Magic Dart        |    38 |    68 |    26 ||   132
       Searing Ray       |     4 |    15 |     9 ||    28
       Iskenderun's Myst |       |     2 |    14 ||    16
 Abil: Evoke Invisibilit |       |       |     2 ||     2
  Use: Scroll            |       |       |     7 ||     7
       Potion            |       |       |     7 ||     7
  Eat: Chunk             |     1 |     9 |     5 ||    15
       Ration            |       |       |     2 ||     2
Armor: Robe              |     1 |     6 |    11 ||    18
Dodge: Dodged            |     6 |    13 |    10 ||    29
